 Dungeon Crawl Stone Soup version 0.18.1-5-g4a78601 (webtiles) character file.

133 MARSONE the Shield-Bearer (level 5, -7/33 HPs)
             Began as a Gargoyle Fighter on May 13, 2016.
             Mangled by an ogre
             ... wielding a +0 giant club
              (17 damage)
             ... on level 4 of the Dungeon.
             The game lasted 00:15:37 (1993 turns).

MARSONE the Shield-Bearer (Gargoyle Fighter)        Turns: 1993, Time: 00:15:38

Health: -7/33      AC: 13    Str: 21    XL:     5   Next: 16%
Magic:  5/5        EV:  5    Int:  8    God:
Gold:   129        SH:  9    Dex:  9    Spells: 0 memorised, 4 levels left

rFire  . . .     SeeInvis .     a - +0 war axe
rCold  . . .     Gourm    .     r - +0 chain mail
rNeg   + . .     Faith    .     c - +0 shield
rPois  ∞         Spirit   .     (no helmet)
rElec  +         Dismiss  .     (no cloak)
rCorr  .         Reflect  .     (no gloves)
SustAt .         Harm     .     (no boots)
MR     .....                    (no amulet)
Stlth  ..........               (no ring)
                                (no ring)

@: not resistant to hostile enchantments, extremely unstealthy
A: negative energy resistance 1, electricity resistance, unbreathing,
petrification resistance, rot immunity, AC +4
a: no special abilities


You were on level 4 of the Dungeon.
You were not hungry.

You visited 1 branch of the dungeon, and saw 4 of its levels.

You collected 129 gold pieces.

Inventory:

Hand Weapons
 a - a +0 war axe (weapon)
Missiles
 e - 25 stones (quivered)
 j - 42 arrows
 s - 3 tomahawks
Armour
 b - a +0 scale mail
 c - a +0 shield (worn)
 r - a +0 chain mail (worn)
 t - a +0 chain mail
 u - a cursed +0 ring mail
Scrolls
 h - a scroll of magic mapping {unknown}
 i - a scroll of noise {unknown}
 k - 2 scrolls of teleportation {unknown}
 l - a scroll of identify {unknown}
 o - a scroll of recharging {unknown}
 v - a scroll of fog {unknown}
Potions
 d - 2 potions of might
 m - a potion of curing {unknown}
 n - a potion of lignification {unknown}
Comestibles
 f - a bread ration
 g - a meat ration
 p - 3 fruits
 q - 5 chunks of flesh


   Skills:
 + Level 4.1 Fighting
 + Level 2.3 Axes
 + Level 4.1 Armour
 + Level 4.7 Shields


You had 4 spell levels left.
You didn't know any spells.

Dungeon Overview and Level Annotations

Branches:
Dungeon (4/15)
 Temple: D:4-7

Altars:


Innate Abilities, Weirdness & Mutations

You are resistant to torment.
Your stone body is resilient (AC +4).
You are immune to poison.
You resist negative energy.
You are resistant to electric shocks.
You can survive without breathing.
You are immune to petrification.
You are immune to rotting.


Message History

This raw flesh tastes terrible.
You continue eating. x2
HP restored.
You climb upwards.
The ogre hits you with a giant club.
There is a stone staircase leading down here.
You barely miss the ogre. The ogre hits you with a giant club!!
Ouch! That really hurt!
* * * LOW HITPOINT WARNING * * *
The ogre hits you with a giant club.
* * * LOW HITPOINT WARNING * * *
You climb downwards.
There is a stone staircase leading up here.
Things that are here:
a scale mail; a hand axe An ogre comes into view.
It is wielding a giant club.
You block the ogre's attack.
There is a stone staircase leading up here.
The ogre hits you with a giant club!
Ouch! That really hurt!
You die...

.....
#...........#.........
....
#.........#...#...>...
...
#...................# #.
##.................. #
#..........####.#.#
#..........<###..#
##...........)...##
#......OO.#####..####...
#######..@.# ###........
####.###......####
#.##......^.#
#............#
#............#
#............#
#.#..........#
..............#
###.............


You could see 2 ogres.

Vanquished Creatures
  Jessica (D:2)
  A worker ant (D:4)
  An adder (D:2)
  An ooze (D:1)
  A dart slug (D:2)
  7 orcs
  7 bats
  3 giant cockroaches
  6 goblins
  6 hobgoblins
  6 jackals
  5 kobolds
  A ball python (D:2)
  2 giant newts
  A jackal skeleton (D:4)
  8 rats
57 creatures vanquished.

Vanquished Creatures (others)
  A plant (D:3)
1 creature vanquished.

Grand Total: 58 creatures vanquished

Notes
Turn   | Place    | Note
--------------------------------------------------------------
     0 | D:1      | MARSONE the Gargoyle Fighter began the quest for the Orb.
     0 | D:1      | Reached XP level 1. HP: 14/14 MP: 1/1
    69 | D:1      | Reached XP level 2. HP: 18/19 MP: 2/2
   343 | D:1      | Reached XP level 3. HP: 22/24 MP: 3/3
   679 | D:2      | Found a faded altar to an unknown god.
   990 | D:2      | Noticed Jessica
   995 | D:2      | Killed Jessica
   995 | D:2      | Reached XP level 4. HP: 28/29 MP: 4/4
  1691 | D:3      | Noticed an ogre
  1764 | D:4      | Reached XP level 5. HP: 10/33 MP: 5/5
  1984 | D:4      | Noticed an ogre
  1993 | D:4      | Mangled by an ogre

Skill      XL: |  1  2  3  4 |
---------------+-------------+-----
Axes           | 2 |  2.3
Shields        | 4 |  4.7
Armour         | 4 |  4.1
Fighting       | 4 |  4.1

Action                   |  1- 3 |  4- 6 || total
-------------------------+-------+-------++-------
Melee: War axe           |   147 |    75 ||   222
  Eat: Chunk             |     1 |     3 ||     4
Armor: Scale mail        |   103 |    16 ||   119
       Chain mail        |       |    18 ||    18
Dodge: Dodged            |    63 |    20 ||    83
Block: Shield            |    99 |    50 ||   149
